 Dungeon Crawl Stone Soup version 0.31-a0-408-gb642c7f9a3 (webtiles) character file.

Game seed: 5879059966464516587

28 shadowstone the Stinger (level 2, -6/20 HPs)
             Began as a Draconian Venom Mage on July 29, 2023.
             Mangled by Sigmund
             ... wielding a +0 scythe
              (9 damage)
             ... on level 2 of the Dungeon.
             The game lasted 00:03:06 (503 turns).

shadowstone the Stinger (Draconian Venom Mage)       Turns: 503, Time: 00:03:07

Health: -6/20      AC:  5    Str: 10    XL:     2   Next: 96%
Magic:  3/5        EV: 17    Int: 15    God:
Gold:   49         SH:  0    Dex: 11    Spells: 4/5 levels left

rFire   . . .        (no weapon)
rCold   . . .        (no shield)
rNeg    . . .        (body armour unavailable)
rPois   .            (helmet restricted)
rElec   .            (no cloak)
rCorr   .            (no gloves)
SInv    .            f - +0 pair of boots
Will    .....        (no amulet)
Stlth   ++           g - +5 ring of evasion
HPRegen 0.23/turn    (no ring)
MPRegen 0.09/turn

%: no passive effects
@: very slightly contaminated
A: AC +4, unfitting armour, cold-blooded
a: no special abilities


You were on level 2 of the Dungeon.
You visited 1 branch of the dungeon, and saw 2 of its levels.

You collected 49 gold pieces.

Inventory:

Missiles
 c - 6 poisoned darts
Armour
 f - a +0 pair of boots (worn)
 i - a +0 ring mail
Jewellery
 g - a +5 ring of evasion (left hand)
Scrolls
 h - a scroll of brand weapon {unknown}
Potions
 a - a potion of magic
 b - a potion of heal wounds {unknown}
 d - 2 potions of might {unknown}
 e - a potion of brilliance {unknown}


   Skills:
 + Level 2.0 Dodging
 + Level 2.3 Stealth
 + Level 0.5 Unarmed Combat
 + Level 2.2 Spellcasting
 + Level 1.0 Transmutations
 + Level 3.3 Poison Magic


You had 4 spell levels left.
You knew the following spells:

 Your Spells              Type           Power      Damage    Failure   Level
a - Sting                 Tmut/Pois      32%        1d4       9%          1

Your spell library contained the following spells:

 Spells                   Type           Power      Damage    Failure   Level
 Poisonous Vapours        Pois/Air       12%        N/A       17%         2
 Mephitic Cloud           Conj/Pois/Air  5%         N/A       38%         3
 Olgreb's Toxic Radiance  Pois           11%        N/A       50%         4


Dungeon Overview and Level Annotations

Branches:
Dungeon (2/15)

Altars:
Nemelex Xobeh

Annotations:
D:2 Sigmund


Innate Abilities, Weirdness & Mutations

Your plain brown scales are hard. (AC +4)
You cannot fit into any form of body armour.
You are cold-blooded and may be slowed by cold attacks.


Message History

Casting: Sting (safe; 9% risk of failure)
Confirm with . or Enter, or press ? or * to list all spells.
You don't know that spell.
Unknown command.
Casting: Sting (safe; 9% risk of failure)
Confirm with . or Enter, or press ? or * to list all spells.
Aiming: Sting (safe; 9% risk of failure)
Press: ? - help, Shift-Dir - straight line, f - worm
Aim: a worm (89% to hit)
You miscast Sting.
You are very lightly contaminated with residual magic.
Nothing appears to happen.
Casting: Sting (safe; 9% risk of failure)
Confirm with . or Enter, or press ? or * to list all spells.
Aiming: Sting (safe; 9% risk of failure)
Press: ? - help, Shift-Dir - straight line, f/p - worm
Aim: a worm (89% to hit)
The sting hits the worm.
The worm is poisoned.
The worm is lightly wounded.
Sigmund misses you. The worm barely misses you.
You hit the worm.
The worm is lightly wounded.
Sigmund closely misses you.
You hit the worm.
The worm is moderately wounded.
The worm bites you!
You hit the worm.
The worm is moderately wounded.
Sigmund casts a spell.
Sigmund flickers and vanishes!
Deactivating autopickup; reactivate with Ctrl-A.
The worm bites you but does no damage.
You hit the worm.
The worm is heavily wounded.
Something hits you!
* * * LOW HITPOINT WARNING * * *
You hit the worm.
The worm is severely wounded.
Something hits you!
You die...

#.#.# #.#.## ### #....?
..############.#..#
#......#..........#
####...##.#.##.#.....#
......##.#....#.....#
#.####...#..........#...
.....<.@................
#.###..w................
#..{..)########.####
#......# #.# #$.#...#
#.# #......# #.#
.....[..# #.# .#.......#
#.# <...#...#


You could see a worm (poisoned).

Vanquished Creatures
  A dart slug (D:1)
  An endoplasm (D:2)
  A goblin (D:2)
  3 jackals (D:2)
  A quokka (D:1)
  3 ball pythons
  2 bats (D:1)
  A kobold (D:1)
  2 rats (D:1)
15 creatures vanquished.

Vanquished Creatures (collateral kills)
  A goblin (D:1)
  2 hobgoblins (D:1)
  2 quokkas (D:1)
  2 ball pythons (D:1)
  A kobold (D:1)
8 creatures vanquished.

Grand Total: 23 creatures vanquished

Notes
Turn   | Place    | Note
-------+----------+-------------------------------------------
     0 | D:1      | shadowstone the Draconian Venom Mage began the quest for
                  | the Orb.
     0 | D:1      | Reached XP level 1. HP: 14/14 MP: 3/3
   172 | D:1      | Found a faded altar of an unknown god.
   187 | D:1      | Reached XP level 2. HP: 20/20 MP: 0/5
   195 | D:1      | Prayed at the altar of an unknown god.
   195 | D:1      | Became a worshipper of Nemelex Xobeh the Trickster
   195 | D:1      | Reached * piety under Nemelex Xobeh
   195 | D:1      | Received a gift from Nemelex Xobeh
   372 | D:2      | Fell from the grace of Nemelex Xobeh
   410 | D:2      | Noticed Sigmund
   503 | D:2      | Mangled by Sigmund

Illustrated notes

Levels and vault maps discovered:
D:1:      psy_arrival_radial01, layout_basic, basic_ecumenical_altar
D:2:      wad_crossroads, layout_basic, basic_altar, kennysheep_generic_room_8,
          uniq_sigmund

Skill      XL: |  1  2 |
---------------+-------+-----
Stealth        | 2 |  2.3
Dodging        | 2 |  2.0
Unarmed Combat | |  0.5
Spellcasting   | |  2.2
Transmutations | |  1.0
Poison Magic   | |  3.3

Action                     || total
---------------------------++-------
  Melee: Unarmed           ||    38
         Tailslap          ||     7
         Punch             ||     2
   Cast: Sting             ||    10
 Invoke: Draw Summoning    ||     1
         Renounce Religion ||     1
 Armour: Skin              ||    20
  Dodge: Dodged            ||    47

Table legend: (Time is in decaauts)
 A = Elapsed time spent in this place.
 B = Non-inter-level travel time spent in this place.
 C = Inter-level travel time spent in this place.
 D = Time resting spent in this place.
 E = Time spent auto-exploring this place.
 F = Levels seen in this place.
 G = Mean time per level.
                   A        B        C        D        E       F      G
               +--------+--------+--------+--------+--------+-----+--------+
         Total |    501 |    501 |      0 |     91 |      8 |   2 |  250.5 |
       Dungeon |    501 |    501 |      0 |     91 |      8 |   2 |  250.5 |
               +--------+--------+--------+--------+--------+-----+--------+

Top non-repeatable levels by time:
     D:1: 368 daAuts
     D:2: 133 daAuts
